 Dungeon Crawl Stone Soup version 0.31-a0-1626-g5cb510d322 (webtiles) character file.

Game seed: 2423986338919673309

4053322 Implojin the Hill Orc Barricade (level 27, 254/254 HPs)
             Began as a Hill Orc Chaos Knight on Jan 12, 2024.
             Was an Elder of Okawaru.
             Escaped with the Orb
             ... and 5 runes
             ... and 2 gems (both intact)!
             The game lasted 01:59:40 (53849 turns).

Implojin the Hill Orc Barricade (HOCK)             Turns: 53849, Time: 01:59:40

Health: 254/254    AC: 50    Str: 29    XL:     27
Magic:  38/38      EV: 17    Int: 12    God:    Okawaru [****..]
Gold:   3911       SH: 29    Dex: 14    Spells: 26/26 levels left

rFire   + + .        n - +9 broad axe (heavy)
rCold   + + +        S - +4 tower shield
rNeg    . . .        d - +3 crystal plate armour of Good Intentions {Rampage rC++ Str+3 Int-3}
rPois   +            e - +2 helmet
rElec   +            q - scarf {rC+ rF+}
rCorr   +            L - +0 pair of gloves of Relativism {rF+ rC+ MP+9 SInv}
SInv    +            z - +2 pair of boots of Barnacled the Leaf {^Contam Will+++ rCorr SInv}
Will    +++++        Z - amulet of Ramigiyck {rElec rC+ Regen+} Stlth
                     K - ring of poison resistance
HPRegen 1.42/turn    u - ring "Suagiom" {rElec rCorr AC+4 SInv Stlth-}
MPRegen 0.26/turn

%: rampage
@: heroic, studying 2 skills
A: iridescent scales 1, see invisible, clever 1, low MP 1, strong 1, subdued
magic 1
0: Orb of Zot
}: 5/15 runes: serpentine, barnacled, slimy, silver, abyssal
a: Renounce Religion, Heroism, Finesse


You escaped.
You worshipped Okawaru.
Okawaru was greatly pleased with you.
You visited 10 branches of the dungeon, and saw 50 of its levels.
You visited the Abyss 1 time.
You also visited: Sewer, Bailey, Gauntlet and Ice Cave.

You collected 7594 gold pieces.
You spent 3683 gold pieces at shops.

Inventory:

Hand Weapons
 n - a +9 heavy broad axe (weapon)
 J - a +2 broad axe of venom
Missiles
 b - 42 boomerangs (quivered)
 h - 6 darts of dispersal
 p - 9 curare-tipped darts
 E - 5 throwing nets
 P - 32 silver javelins
 Y - 30 javelins
Armour
 d - the +3 crystal plate armour of Good Intentions (worn) {Rampage rC++ Str+3 Int-3}
   (Okawaru gifted it to you on level 2 of the Lair of Beasts)

   Str+3:     It affects your strength (+3).
   Int-3:     It affects your intelligence (-3).
   rC++:      It greatly protects you from cold.
   Rampage:   It bestows one free step when moving towards enemies.
 e - a +2 helmet (worn)
 q - a scarf of resistance (worn)
 w - +0 fire dragon scales
 z - the +2 pair of boots of Barnacled the Leaf (worn) {^Contam Will+++ rCorr SInv}
   (You bought it in a shop on level 11 of the Dungeon)

   Will+++:   It greatly increases your willpower.
   SInv:      It lets you see invisible.
   ^Contam:   It causes magical contamination when unequipped.
   rCorr:     It protects you from acid and corrosion.
 L - the +0 pair of gloves of Relativism (worn) {rF+ rC+ MP+9 SInv}
   (You acquired it on level 5 of the Pits of Slime)

   rF+:       It protects you from fire.
   rC+:       It protects you from cold.
   MP+9:      It affects your magic capacity (+9).
   SInv:      It lets you see invisible.
 S - a +4 tower shield (worn)
Jewellery
 j - a +4 ring of slaying
 t - a ring of protection from fire
 u - the ring "Suagiom" (right hand) {rElec rCorr AC+4 SInv Stlth-}
   (You found it on level 1 of the Snake Pit)

   [ring of protection]

   AC+4:      It affects your AC (+4).
   rElec:     It insulates you from electricity.
   SInv:      It lets you see invisible.
   rCorr:     It protects you from acid and corrosion.
   Stlth-:    It makes you less stealthy.
 y - a +6 ring of strength
 H - a ring of flight
 K - a ring of poison resistance (left hand)
 V - the amulet "Duesch" {Faith Str+2}
   (You found it on level 5 of the Pits of Slime)

   [amulet of faith]

   Faith:     It allows you to gain divine favour quickly.
   Str+2:     It affects your strength (+2).
 Z - the amulet of Ramigiyck (around neck) {rElec rC+ Regen+}
   (You found it on level 2 of the Depths)

   [amulet of regeneration]

   rC+:       It protects you from cold.
   rElec:     It insulates you from electricity.
   Regen+:    It increases your rate of health regeneration.
Wands
 k - a wand of mindburst (39)
 A - a wand of roots (30)
 M - a wand of digging (15)
 O - a wand of light (26)
 Q - a wand of paralysis (20)
Scrolls
 a - 3 scrolls of brand weapon
 f - 16 scrolls of teleportation
 r - a scroll of blinking
 s - 5 scrolls of fog
 v - 5 scrolls of fear
 T - 4 scrolls of immolation
 W - 7 scrolls of silence
 X - 9 scrolls of vulnerability
Potions
 c - 6 potions of mutation
 g - 5 potions of heal wounds
 i - 3 potions of might
 l - 7 potions of curing
 m - 7 potions of haste
 x - 11 potions of attraction
 B - 3 potions of invisibility
 C - 2 potions of resistance
 D - 7 potions of magic
 F - 13 potions of enlightenment
 R - 2 potions of cancellation
Miscellaneous
 N - a phial of floods


   Skills:
 - Level 22.0(27) Fighting
 - Level 22.0(27) Axes
 - Level 6.0(11.0) Throwing
 - Level 22.0(27) Armour
 * Level 18.9(23.9) Dodging
 - Level 1.5(6.5) Stealth
 O Level 27 Shields
 - Level 9.6(14.6) Unarmed Combat
 - Level 13.0 Invocations
 - Level 5.0 Evocations


You had 26 spell levels left.
You didn't know any spells.
Your spell library contained the following spells:

 Spells                   Type           Power      Damage    Failure   Level
 Apportation              Tloc           0%         N/A       86%         1
 Kiss of Death            Conj/Necr      0%         2d5       86%         1
 Necrotise                Necr           0%         1d4       86%         1
 Shock                    Conj/Air       0%         1d3       86%         1
 Blink                    Tloc           0%         N/A       94%         2
 Cigotuvi's Dreadful Rot  Necr/Alch/Air  0%         N/A       94%         2
 Ensorcelled Hibernation  Hex/Ice        0%         N/A       94%         2
 Jinxbite                 Hex            0%         N/A       94%         2
 Lesser Beckoning         Tloc           0%         N/A       94%         2
 Mercury Vapours          Alch/Air       0%         N/A       94%         2
 Scorch                   Fire           0%         2d5       94%         2
 Static Discharge         Conj/Air       0%         3-3/arc   94%         2
 Sublimation of Blood     Necr           0%         N/A       94%         2
 Confusing Touch          Hex            0%         N/A       99%         3
 Dazzling Flash           Conj/Hex       0%         N/A       99%         3
 Frozen Ramparts          Ice            0%         1d1       99%         3
 Fugue of the Fallen      Necr           0%         N/A       99%         3
 Gell's Gravitas          Tloc           0%         N/A       99%         3
 Inner Flame              Hex/Fire       0%         N/A       99%         3
 Mephitic Cloud           Conj/Alch/Air  0%         N/A       99%         3
 Ozocubu's Armour         Ice            0%         N/A       99%         3
 Passwall                 Erth           0%         N/A       99%         3
 Sigil of Binding         Hex            0%         N/A       99%         3
 Stone Arrow              Conj/Erth      0%         3d7       99%         3
 Swiftness                Air            0%         N/A       99%         3
 Teleport Other           Tloc           0%         N/A       99%         3
 Vampiric Draining        Necr           0%         2d6       99%         3
 Volatile Blastmotes      Fire/Tloc      0%         2d10      99%         3
 Airstrike                Air            0%         2d(0-16)  100%        4
 Anguish                  Hex/Necr       0%         N/A       100%        4
 Brom's Barrelling Bould  Conj/Erth      0%         2d3       100%        4
 Cause Fear               Hex            0%         N/A       100%        4
 Dimensional Bullseye     Hex/Tloc       0%         N/A       100%        4
 Dispel Undead            Necr           0%         3d6       100%        4
 Flame Wave               Conj/Fire      0%         2d4       100%        4
 Fulminant Prism          Conj/Alch      0%         3d5       100%        4
 Ignite Poison            Fire/Alch      0%         N/A       100%        4
 Iskenderun's Mystic Bla  Conj/Tloc      0%         2d3       100%        4
 Leda's Liquefaction      Alch/Erth      0%         N/A       100%        4
 Manifold Assault         Tloc           0%         N/A       100%        4
 Passage of Golubria      Tloc           0%         N/A       100%        4
 Petrify                  Alch/Erth      0%         N/A       100%        4
 Sticky Flame             Fire/Alch      0%         2d4       100%        4
 Alistair's Intoxication  Alch           0%         N/A       100%        5
 Arcjolt                  Conj/Air       0%         1d10      100%        5
 Borgnjor's Vile Clutch   Necr/Erth      0%         N/A       100%        5
 Curse of Agony           Necr           0%         N/A       100%        5
 Fireball                 Conj/Fire      0%         3d3       100%        5
 Freezing Cloud           Conj/Ice/Air   0%         6-21      100%        5
 Irradiate                Conj/Alch      0%         3d11      100%        5
 Iskenderun's Battlesphe  Conj           0%         2d6       100%        5
 Lee's Rapid Deconstruct  Erth           0%         3d4*      100%        5
 Metabolic Englaciation   Hex/Ice        0%         N/A       100%        5
 Yara's Violent Unravell  Hex/Alch       0%         3d3       100%        5
 Bombard                  Conj/Erth      0%         9d1       100%        6
 Conjure Ball Lightning   Conj/Air       0%         3x3d6     100%        6
 Dispersal                Tloc           0%         N/A       100%        6
 Starburst                Conj/Fire      0%         6d3       100%        6
 Enfeeble                 Hex            0%         N/A       100%        7
 Orb of Destruction       Conj           0%         9d5       100%        7
 Ozocubu's Refrigeration  Ice            0%         4d7       100%        7
 Disjunction              Tloc           0%         N/A       100%        8
 Ignition                 Fire           0%         3d3       100%        8
 Lehudib's Crystal Spear  Conj/Erth      0%         10d2      100%        8
 Maxwell's Capacitive Co  Air            0%         ∞         100%        8
 Polar Vortex             Ice            0%         N/A       100%        9
 Tukima's Dance           Hex            Unusable   N/A       N/A         3
 Animate Armour           Summ/Erth      Unusable   N/A       N/A         4
 Martyr's Knell           Necr/Summ      Unusable   N/A       N/A         4
 Summon Lightning Spire   Summ/Air       Unusable   N/A       N/A         4
 Summon Mana Viper        Hex/Summ       Unusable   N/A       N/A         5
 Death Channel            Necr           Unusable   N/A       N/A         6
 Sculpt Simulacrum        Ice/Alch       Unusable   N/A       N/A         6
 Infestation              Necr           Unusable   N/A       N/A         8

Dungeon Overview and Level Annotations

Branches:
Dungeon (15/15)            Temple (1/1) D:5            Lair (5/5) D:8
 Shoals (4/4) Lair:3        Snake (4/4) Lair:3        Slime (5/5) Lair:5
    Orc (2/2) D:12            Elf (0/3) Orc:2        Vaults (5/5) D:13
  Crypt (0/3) Vaults:2     Depths (4/4) D:15            Zot (5/5) Depths:4
  Sewer (visited)          Bailey (visited)           IceCv (visited)
Gauntlet (visited)

Altars:
Ashenzari
Cheibriados
Dithmenos
Elyvilon
Fedhas
Gozag
Hepliaklqana
Kikubaaqudgha
Makhleb
Nemelex Xobeh
Okawaru
Qazlal
Ru
Sif Muna
Trog
Uskayaw
Vehumet
Wu Jian
Xom
Yredelemnul
Zin
The Shining One
Beogh
Jiyva
Lugonu

Shops:
D:3 *   D:11 *[[   D:15 (   Orc:2 !!?(=   Shoals:1 *([[   Shoals:3 *
Snake:4 [:[[(   Zot:5 *   Depths:1 (

Portals:
Hell: Depths:1 Depths:2 Depths:3 Depths:4
Abyss: Lair:5 Depths:3 Depths:4
Pandemonium: Depths:2
Ziggurat: Depths:3

Annotations:
Zot:2 3 runed translucent doors, exclusion: 3 doors, Wukiw's ghost, legendary MiBe


Innate Abilities, Weirdness & Mutations

You are partially covered in iridescent scales. (AC +2)
You have supernaturally acute eyesight. (SInv)
Your mind is acute. (Int +4, Str/Dex -1)
Your magical capacity is low. (-10% MP)
Your muscles are strong. (Str +4, Int/Dex -1)
Your spells are a little easier to cast, but a little less powerful.


Message History

There is a stone staircase leading down here.
Danger: Tzitzimitl |T3| Reason: Torment and not torment immune!
You rampage towards the Tzitzimitl!
You slice the Tzitzimitl!!
The Tzitzimitl is moderately wounded.
Danger: Tzitzimitl |T3| Reason: Torment and not torment immune!
Unknown command.
You barely miss the Tzitzimitl.
The Tzitzimitl is moderately wounded.
The Tzitzimitl gestures at you.
The bolt of negative energy hits you but does no damage.
Danger: Tzitzimitl |T3| Reason: Torment and not torment immune!
You barely miss the Tzitzimitl.
The Tzitzimitl is moderately wounded.
The Tzitzimitl engulfs you. You block the Tzitzimitl's attack.
Danger: Tzitzimitl |T3| Reason: Torment and not torment immune!
You slash the Tzitzimitl!
The Tzitzimitl is moderately wounded.
The Tzitzimitl engulfs you but does no damage.
The Tzitzimitl bites you but does no damage.
Danger: Tzitzimitl |T3| Reason: Torment and not torment immune!
You carve the Tzitzimitl like a ham!!!!
You kill the Tzitzimitl!
Okawaru accepts your kill.
A lorocyproca comes into view.
There is a stone staircase leading down here.
You block the lorocyproca's attack.
You carve the lorocyproca like a ham!!!
The lorocyproca is almost dead.
You block the lorocyproca's attack.
You barely miss the lorocyproca.
The lorocyproca is almost dead.
You block the lorocyproca's attack. You block the lorocyproca's attack.
You block the lorocyproca's attack.
You slice the lorocyproca!!
You kill the lorocyproca!
Okawaru accepts your kill.
Your magic seems less tainted.
There is a staircase leading out of the dungeon here.
You have escaped!

#.#.# #####.##.#.##.########.
#.#.# #.....##.#.##.......##.
##.#)######.###.##.#.###.####.##.
..............................##.
.....P~≈~~≈~~~P...P≈~≈~~~~~P..##.
##...~~~~~~~≈~~...~~≈~~~~≈≈~..##.
##...~~≈~~~~≈~~...~≈~~~~~≈≈~..##.
#†#..P~~~~≈~~≈.....~~~~~~~~P..##.
†###............@.............##.
## #.P≈~~~≈~~~.....~~~~~~~~P..##.
.###.≈≈≈~~~~~≈~...~≈≈~~~~≈≈~..##.
#.#..~≈≈~~~~≈~~...~≈≈~~~~≈≈~..##.
##...P~~~≈~~~~P...P~~~~~≈~~P..##.
..............................##(
####...................###.#..###
#.########.#.########### #...##
.#.#######.#...........# ###.#


There were no monsters in sight!

Vanquished Creatures
  the Royal Jelly (Slime:5)
  5 dread liches
  9 orbs of fire
  A juggernaut (Depths:4)
  Vv (Zot:2)
  2 Killer Klowns (Zot:5)
  Saint Roka (Vaults:4)
  A curse toe (Zot:5)
  6 golden dragons
  A Tzitzimitl (D:1)
  A bone dragon (Depths:4)
  A hellephant (Abyss:4)
  2 electric golems (Zot:5)
  26 Orb Guardians
  10 tentacled monstrosities
  A Hell Sentinel (D:9)
  Mlioglotl (Shoals:1)
  A walking crystal tome (Depths:4)
  6 liches
  2 titans
  4 tentacled starspawn (Abyss:4)
  3 quicksilver dragons
  18 acid blobs
  8 sphinxes
  2 death cobs
  Polyphemus (Shoals:3)
  7 tengu reavers
  2 krakens (Shoals:1)
  7 storm dragons
  8 rockslimes
  Ilsuiw (Arena)
  Donald (Vaults:1)
  7 nagarajas (Snake:4)
  10 azure jellies
  6 shadow dragons
  2 draconian knights
  7 fire giants
  2 protean progenitors (Zot:1)
  4 draconian monks
  A demonspawn warmonger (D:2)
  2 iron dragons
  Louise (Shoals:2)
  3 draconian shifters
  22 vault wardens
  8 frost giants
  2 draconian scorchers
  2 ghost moths (Zot:5)
  3 spectral juggernauts (Depths:2)
  A spectral caustic shrike (Depths:2)
  2 draconian stormcallers
  A deep elf sorcerer (Depths:3)
  19 ironbound preservers
  11 very ugly things
  2 demonspawn corrupters (Zot:4)
  3 draconian annihilators
  6 quicksilver oozes
  2 orc warlords (Vaults:4)
  A reaper (D:2)
  7 stone giants
  A spriggan defender (Depths:2)
  7 formless jellyfish
  4 vampire knights
  8 ironbound thunderhulks
  4 starflowers (Abyss:4)
  9 black draconians
  5 green draconians
  2 deep elf demonologists (Vaults:5)
  A lorocyproca (D:1)
  7 war gargoyles
  8 deep elf death magi
  6 dire elephants
  A minotaur (Gauntlet)
  5 red draconians
  8 purple draconians
  6 white draconians
  The ghost of Xerufi the Gouger, a journeyman FeSh of Vehumet (Snake:1)
  6 yellow draconians
  4 spectral golden dragons (Depths:2)
  2 entropy weavers (Vaults:1)
  5 ettins
  17 yaktaur captains
  2 deep elf high priests (Vaults:5)
  7 merfolk javelineers
  A spectral quicksilver dragon (Depths:2)
  4 crystal guardians
  11 merfolk impalers
  A green death (Abyss:4)
  4 fire dragons
  3 spectral spriggans (Depths:2)
  Erolcha (D:12)
  2 ice dragons (Depths:4)
  5 great orbs of eyes
  Harold (Orc:1)
  4 rakshasas
  An entropy weaver (shapeshifter) (D:14)
  37 vault guards
  4 spectral sphinxes (Depths:2)
  6 peacekeepers
  6 hydras
  A juggernaut simulacrum (Depths:2)
  A salamander tyrant (Snake:4)
  A spectral shadow dragon (Depths:2)
  3 spriggan air magi
  4 catoblepae
  2 spectral tengu (Depths:2)
  6 ironbound frosthearts
  7 ogre magi
  An alligator snapping turtle (Shoals:1)
  10 two-headed ogres
  4 boulder beetles
  A death knight (D:13)
  2 spectral fire giants (Depths:2)
  21 centaur warriors
  The ghost of pewpewpew the Severer, a novice MiFi of Okawaru (D:9)
  A sphinx skeleton (Depths:3)
  5 merfolk aquamancers (Shoals:4)
  2 spectral frost giants (Depths:2)
  9 anacondas
  A deep troll shaman (Depths:3)
  12 naga warriors
  4 vampire magi
  8 death yaks
  3 satyrs
  A hell hog (Gauntlet)
  2 deep troll earth magi
  7 tengu warriors
  6 naga sharpshooters
  5 spriggan berserkers
  2 occultists (Depths:3)
  A sun demon (Depths:4)
  Nergalle (Orc:2)
  7 shock serpents
  5 thrashing horrors
  2 spectral storm dragons (Depths:2)
  3 iron trolls (Depths:3)
  9 hell knights
  2 skysharks (shapeshifter)
  2 soul eaters (Depths:2)
  4 wretched stars (Abyss:4)
  7 mana vipers
  3 salamander mystics
  10 sea snakes
  3 skysharks
  A glowing orange brain (shapeshifter) (Vaults:5)
  A quicksilver dragon simulacrum (Depths:2)
  A spectral anaconda (Snake:1)
  A spectral spark wasp (Depths:2)
  A fire crab (Gauntlet)
  A spatial maelstrom (Abyss:4)
  26 deep trolls
  9 glowing orange brains
  Lodul (D:11)
  8 flayed ghosts
  6 naga ritualists
  3 bog bodies (IceCv)
  A shadow demon (Zot:4)
  3 death drakes (Depths:2)
  4 large abominations
  A spectral iron dragon (Depths:2)
  7 arcanists
  A shadow dragon zombie (Depths:3)
  5 necromancers
  2 orange crystal statues (Depths:2)
  9 spriggan simulacra
  6 lindwurms
  8 orc knights
  41 harpies
  An obsidian statue (IceCv)
  24 ironbound convokers
  2 harpies (shapeshifter)
  2 lindwurms (shapeshifter) (Depths:3)
  A sphinx simulacrum (Depths:3)
  A wolf spider (shapeshifter) (Vaults:5)
  2 deep elf pyromancers
  9 phantasmal warriors
  10 orc sorcerers
  17 cyclopes
  24 ugly things
  11 salamanders
  5 shining eyes
  A wolf spider (D:15)
  A spectral shock serpent (Snake:1)
  15 manticores
  3 fauns (Shoals:3)
  8 guardian serpents
  19 moths of wrath
  10 merfolk sirens
  23 vault sentinels
  4 elephants (Lair:2)
  24 black mambas
  2 spectral mana vipers (Snake:1)
  7 cane toads
  12 water nymphs
  18 naga magi
  Maggie (D:9)
  A smoke demon (Abyss:4)
  An orange demon (Depths:3)
  2 torpor snails (Lair:5)
  An unseen horror zombie (D:10)
  2 unseen horrors
  36 yaktaurs
  3 efreet
  Jeremiah (D:9)
  3 kobold demonologists
  An unseen horror (shapeshifter) (D:14)
  A tormentor (D:9)
  4 anaconda simulacra (IceCv)
  2 rime drakes
  23 freezing wraiths
  3 tengu conjurers
  9 komodo dragons
  5 spectral glowing shapeshifters (Depths:2)
  3 golden dragon simulacra
  An ancient zyme (Abyss:4)
  10 wind drakes
  10 trolls
  6 hornets
  A troll (shapeshifter) (D:14)
  2 shadow dragon simulacra (Depths:2)
  2 tengu simulacra (Depths:2)
  18 merfolk
  2 polar bears
  24 blink frogs
  3 alligator simulacra (IceCv)
  10 raiju
  3 snapping turtles
  4 dream sheep
  6 glass eyes
  An iron dragon simulacrum (Depths:2)
  5 centaur simulacra
  A spectral black mamba (Snake:1)
  5 air elementals (Shoals:4)
  7 shadows
  53 slime creatures
  A slime creature (shapeshifter) (Vaults:5)
  7 spriggans
  2 vampires
  8 wyverns
  2 dire elephant simulacra (IceCv)
  6 wraiths
  6 basilisks
  27 water elementals
  7 fire bats (Gauntlet)
  6 ynoxinuls (Lair:5)
  A golden eye (Slime:5)
  47 yaks
  11 wargs
  3 minotaur simulacra (IceCv)
  14 vampire mosquitoes
  A neqoxec (Abyss:2)
  A redback (shapeshifter) (Depths:3)
  2 harpy simulacra (IceCv)
  A chaos spawn (Abyss:4)
  A redback simulacrum (D:14)
  35 nagas
  2 spatial vortices (Abyss:4)
  Edmund (D:6)
  2 acid dragons
  14 water moccasins
  2 hydra simulacra (IceCv)
  A hell hound (Gauntlet)
  A guardian serpent simulacrum (Snake:1)
  A laughing skull (D:9)
  19 orc warriors
  An ettin simulacrum (IceCv)
  3 ice beasts
  11 small abominations (Lair:5)
  A wolf (shapeshifter) (D:14)
  2 black bears
  A black mamba simulacrum (Snake:1)
  22 ogres
  3 boggarts (Vaults:1)
  11 wolves
  15 centaurs
  2 phantoms
  9 kobold brigands
  15 bullfrogs
  8 gnoll sergeants
  2 deep troll simulacra (IceCv)
  A glowing shapeshifter simulacrum (Depths:2)
  2 scorpions
  5 wights
  4 lindwurm simulacra (IceCv)
  2 spectral nagas (Snake:1)
  3 killer bees (D:11)
  An electric eel (D:14)
  12 howler monkeys
  2 bombardier beetles
  3 centaur zombies (D:10)
  A quasit (Abyss:2)
  15 orc priests
  3 hounds
  2 jellies
  7 gnoll boudas
  16 starcursed masses (Abyss:4)
  3 iguanas
  2 sleepcaps
  40 orc wizards
  A naga simulacrum (Snake:1)
  A howler monkey zombie (D:10)
  28 gnolls
  13 adders
  A shadow imp (D:8)
  A white imp (Abyss:2)
  6 ufetubi
  6 dart slugs
  A ribbon worm (D:2)
  48 orcs
  11 ball pythons
  4 bats
  8 endoplasms
  7 giant cockroaches
  7 goblins
  4 hobgoblins
  11 jackals
  4 quokkas
  3 frilled lizards
  34 kobolds
  12 rats
  2 aspiring fleshes (Zot:1)
  2 starspawn tentacles (Abyss:4)
  6 tentacles (Shoals:1)
2049 creatures vanquished.

Vanquished Creatures (collateral kills)
  An ogre (D:4)
  A ribbon worm (D:5)
  An orc (D:4)
  An endoplasm (D:4)
4 creatures vanquished.

Vanquished Creatures (others)
  A ghost moth (Zot:4)
  A vampire knight (Depths:3)
  A red draconian (Zot:4)
  A starcursed mass (Abyss:4)
  A merfolk impaler (Shoals:3)
  A tengu warrior (Depths:2)
  A cyclops (Shoals:2)
  A manticore (Shoals:3)
  A moth of wrath (Zot:2)
  A merfolk siren (Shoals:3)
  A merfolk (Shoals:3)
  A neqoxec (Abyss:4)
  2 boggarts (Vaults:1)
  An orc wizard (D:7)
  A lurking horror (Abyss:4)
  10 starspawn tentacles
  7 tentacles (Shoals:1)
33 creatures vanquished.

Grand Total: 2086 creatures vanquished

Notes
Turn   | Place    | Note
-------+----------+-------------------------------------------
     0 | D:1      | Implojin the Hill Orc Chaos Knight began the quest for the
                  | Orb.
     0 | D:1      | Reached XP level 1. HP: 19/19 MP: 1/1
   139 | D:1      | Reached XP level 2. HP: 22/26 MP: 2/2
   204 | D:1      | XOM: silly message
   284 | D:1      | XOM: fog
   294 | D:1      | Reached XP level 3. HP: 30/31 MP: 3/3
   617 | D:1      | XOM is BORED!
   617 | D:1      | XOM: give mutations
   617 | D:1      | Gained mutation: You possess an exceptional clarity of
                  | mind. [Xom's mischief]
   617 | D:1      | Gained mutation: You are partially covered in iridescent
                  | scales. (AC +2) [Xom's mischief]
   882 | D:2      | Reached skill level 5 in Unarmed Combat
  1008 | D:2      | XOM: god gift: wand of polymorph (4)
  1035 | D:2      | Reached XP level 4. HP: 34/39 MP: 4/4
  1107 | D:2      | XOM: 1-stop teleportation journey
  1661 | D:3      | Found Kyes Ping's Assorted Antiques.
  1669 | D:3      | Bought a shiny ivory wand for 116 gold pieces
  1680 | D:3      | You fall into a shaft and drop 2 floors!
  1680 | D:5      | Entered Level 5 of the Dungeon
  1687 | D:4      | Noticed an ogre
  1728 | D:4      | Reached XP level 5. HP: 45/45 MP: 5/5
  1748 | D:4      | Killed an ogre
  1778 | D:4      | Reached XP level 6. HP: 51/51 MP: 6/6
  1783 | D:4      | Found a shimmering blue altar of Sif Muna.
  1913 | D:4      | Found a glowing drain.
  1938 | Sewer    | Entered a sewer
  2013 | Sewer    | Reached skill level 1 in Throwing
  2396 | D:4      | Reached XP level 7. HP: 47/57 MP: 7/7
  2972 | D:3      | XOM: silly message
  3541 | D:3      | XOM: divination: magic mapping
  4333 | D:4      | XOM: draining
  4369 | D:4      | Found a shimmering blue altar of Sif Muna.
  5009 | D:4      | Reached skill level 1 in Evocations
  5256 | D:5      | Found a staircase to the Ecumenical Temple.
  5273 | Temple   | Entered the Ecumenical Temple
  5305 | D:5      | XOM: give mutation
  5305 | D:5      | Gained mutation: Your spells are a little harder to cast,
                  | but a little more powerful. [Xom's mischief]
  5465 | D:5      | Reached skill level 1 in Stealth
  5704 | D:5      | XOM: divination: magic mapping
  5856 | D:5      | XOM: stat loss: -1 Str (16/17)
  5880 | D:5      | Reached XP level 8. HP: 44/67 MP: 8/8
  5995 | D:5      | Reached skill level 5 in Fighting
  6060 | D:5      | XOM: summons 8 friendly demons
  6436 | D:5      | XOM is BORED!
  6436 | D:5      | XOM: give mutation
  6436 | D:5      | Lost mutation: Your spells are a little harder to cast, but
                  | a little more powerful. [Xom's mischief]
  6516 | D:5      | XOM: silly message
  6596 | D:5      | XOM: polymorph ice beast -> bombardier beetle
  6724 | D:6      | Noticed Edmund
  6745 | D:6      | Killed Edmund
  6773 | D:6      | XOM: noise
  6822 | D:6      | Reached skill level 5 in Axes
  6824 | D:6      | Reached XP level 9. HP: 43/74 MP: 9/9
  7482 | D:7      | Noticed a cyclops
  7493 | D:7      | XOM: cast spell 'Cause Fear'
  7505 | D:7      | XOM: 3-stop teleportation journey
  7526 | D:7      | XOM: confuse monster(s)
  8057 | D:7      | Reached skill level 10 in Axes
  8402 | D:7      | Killed a cyclops
  8409 | D:7      | XOM: god gift: wand of digging (6)
  8596 | D:7      | XOM: scenery: create altars
  8726 | D:8      | XOM: fog
  8727 | D:8      | XOM: summons friendly white imp
  8731 | D:8      | Reached XP level 10. HP: 56/83 MP: 10/10
  8931 | D:8      | Found a sparkling altar of Nemelex Xobeh.
  8940 | D:8      | Found an iron altar of Okawaru.
  8949 | D:8      | Fell from the grace of Xom
  8949 | D:8      | Became a worshipper of Warmaster Okawaru
  8987 | D:8      | Got the Codex of Cloudy Fascination
  9135 | D:8      | Found a hide-covered altar of Uskayaw.
  9146 | D:8      | Found a staircase to the Lair.
  9352 | D:9      | Noticed a kobold demonologist
  9369 | D:9      | Noticed an orc knight
  9371 | D:9      | Noticed a two-headed ogre
  9374 | D:9      | Killed a kobold demonologist
  9505 | D:9      | Reached * piety under Okawaru
  9513 | D:9      | XOM: stat loss: -3 Str (15/18)
  9605 | D:9      | Killed a two-headed ogre
  9605 | D:9      | Reached ** piety under Okawaru
  9652 | D:9      | Noticed a cyclops
  9664 | D:9      | Killed a cyclops
  9721 | D:9      | Reached skill level 5 in Throwing
  9905 | D:9      | Killed an orc knight
  9945 | D:9      | Reached skill level 1 in Invocations
  9962 | D:9      | Reached XP level 11. HP: 29/89 MP: 8/13
  9978 | D:9      | Reached skill level 5 in Invocations
 10034 | D:9      | XOM: give mutation
 10034 | D:9      | Gained mutation: You occasionally lose the ability to drink
                  | potions when taking damage. [Xom's mischief]
 10164 | D:9      | Found a transporter.
 10165 | D:9      | Noticed pewpewpew's ghost (novice MiFi)
 10165 | D:9      | Noticed a two-headed ogre
 10166 | D:9      | Identified the +5 giant club of Omisum {holy, ^Drain rPois
                  | rCorr}
 10166 | D:9      | Identified the +8 great mace of Wuor {speed, rPois rF+++
                  | Str-4 Dex+3}
 10166 | D:9      | Noticed a two-headed ogre
 10166 | D:9      | Noticed a two-headed ogre
 10166 | D:9      | Noticed a two-headed ogre
 10166 | D:9      | Noticed a two-headed ogre
 10176 | D:9      | Found a transporter.
 10179 | D:9      | Noticed Maggie
 10199 | D:9      | Killed Maggie
 10376 | D:8      | Reached *** piety under Okawaru
 10426 | D:9      | Noticed a sun demon
 10430 | D:9      | XOM: divination: magic mapping
 10549 | D:9      | Noticed Jeremiah
 10576 | D:9      | Paralysed by Jeremiah for 2 turns
 10582 | D:9      | Killed Jeremiah
 10586 | D:9      | Found a stormy altar of Qazlal.
 10656 | D:9      | Found a broken altar of Ashenzari.
 10784 | D:9      | XOM: blink monster(s)
 11125 | D:9      | XOM: god gift: scroll of teleportation
 11154 | D:9      | Reached skill level 5 in Evocations
 11174 | D:9      | Noticed a two-headed ogre
 11175 | D:9      | Reached skill level 1 in Shields
 11182 | D:9      | Killed a two-headed ogre
 11183 | D:9      | Reached skill level 3 in Shields
 11357 | D:9      | Found a stormy altar of Qazlal.
 11395 | D:9      | Found a transporter.
 11399 | D:9      | Found a transporter.
 11408 | D:9      | Found a broken altar of Ashenzari.
 11455 | D:9      | XOM: 1-stop teleportation journey
 11519 | D:9      | XOM: divination: magic mapping
 11563 | D:9      | XOM: 9-stop teleportation journey
 11604 | D:9      | Reached skill level 4 in Shields
 12002 | D:9      | XOM: silly message
 12086 | D:10     | Entered Level 10 of the Dungeon
 12124 | D:10     | Found a flagged portal.
 12183 | D:10     | Identified the +9 hand axe of Destiny {antimagic, Will+}
 12190 | Bailey   | Entered a bailey
 12248 | Bailey   | Reached **** piety under Okawaru
 12268 | Bailey   | XOM: silly message
 12345 | Bailey   | Reached skill level 5 in Shields
 12676 | D:10     | Reached skill level 6 in Shields
 12906 | D:10     | Reached skill level 7 in Shields
 12907 | D:10     | Reached XP level 12. HP: 26/96 MP: 4/18
 13100 | D:10     | XOM: noise
 13199 | D:10     | Reached skill level 8 in Shields
 13335 | D:11     | Found Dequq's General Store.
 13342 | D:11     | Noticed a boulder beetle
 13363 | D:11     | Killed a boulder beetle
 13546 | D:3      | Bought a scroll of teleportation for 87 gold pieces
 13546 | D:3      | Bought a scroll labelled SITOBE ZUHU for 29 gold pieces
 13546 | D:3      | Bought a scroll of identify for 58 gold pieces
 13547 | D:3      | Bought a shiny chain mail for 217 gold pieces
 13879 | D:11     | Found Gatuf's Armour Shop.
 13991 | D:11     | Reached skill level 9 in Shields
 14125 | D:11     | Found Colenlugi's Antique Armour Boutique.
 14135 | D:11     | Bought a pair of distressingly furry boots for 323 gold
                  | pieces
 14135 | D:11     | Identified the +2 pair of boots of Barnacled the Leaf
                  | {^Contam Will+++ rCorr SInv} (You bought it in a shop on
                  | level 11 of the Dungeon)
 14140 | D:11     | Bought a smoking ring mail for 306 gold pieces
 14140 | D:11     | Identified the +0 ring mail "Loyrr" {Harm rElec rF- rC+++}
                  | (You bought it in a shop on level 11 of the Dungeon)
 14216 | D:11     | Noticed Lodul
 14229 | D:11     | Killed Lodul
 14234 | D:11     | Reached skill level 10 in Shields
 14279 | D:11     | Reached ***** piety under Okawaru
 14731 | D:12     | Noticed a two-headed ogre
 14744 | D:12     | Killed a two-headed ogre
 14744 | D:12     | Received a gift from Okawaru
 14745 | D:12     | Reached skill level 11 in Shields
 14923 | D:12     | Found a staircase to the Orcish Mines.
 15073 | D:12     | Identified the +8 hand axe "Nounuic" {drain, Str+5 Int+3}
 15108 | D:12     | Reached skill level 12 in Shields
 15133 | D:12     | Noticed a two-headed ogre
 15140 | D:12     | Killed a two-headed ogre
 15168 | D:12     | Noticed a two-headed ogre
 15176 | D:12     | Killed a two-headed ogre
 15189 | D:12     | Reached skill level 5 in Armour
 15211 | D:12     | Noticed Erolcha
 15219 | D:12     | Killed Erolcha
 15443 | D:12     | Reached XP level 13. HP: 89/102 MP: 6/19
 15580 | Lair:1   | Entered Level 1 of the Lair of Beasts
 15667 | Lair:1   | Received a gift from Okawaru
 15887 | Lair:1   | XOM: give mutation
 15887 | Lair:1   | Gained mutation: You have supernaturally acute eyesight.
                  | (SInv) [Xom's grace]
 16379 | Lair:1   | XOM: summons 3 hostile shadow creatures
 16750 | Lair:2   | Reached skill level 10 in Armour
 16883 | Lair:2   | Found an ornate altar of the Wu Jian Council.
 16883 | Lair:2   | Found a hide-covered altar of Uskayaw.
 17037 | Lair:2   | Reached ****** piety under Okawaru
 17038 | Lair:2   | XOM: draining
 17039 | Lair:2   | Acquired a +4 heavy broad axe
 17039 | Lair:2   | Received a gift from Okawaru
 17066 | Lair:2   | Received a gift from Okawaru
 17072 | Lair:2   | Acquired the +3 crystal plate armour of Good Intentions
                  | {Rampage rC++ Str+3 Int-3}
 17072 | Lair:2   | Received a gift from Okawaru
 17235 | Lair:2   | XOM: give mutations
 17235 | Lair:2   | Lost mutation: You have supernaturally acute eyesight.
                  | (SInv) [Xom's mischief]
 17235 | Lair:2   | Lost mutation: You possess an exceptional clarity of mind.
                  | [Xom's mischief]
 17913 | Lair:3   | Found a staircase to the Shoals.
 18010 | Lair:3   | Found a staircase to the Snake Pit.
 18185 | Lair:3   | XOM: give mutations
 18185 | Lair:3   | Lost mutation: You are partially covered in iridescent
                  | scales. (AC +2) [Xom's mischief]
 18185 | Lair:3   | Lost mutation: You occasionally lose the ability to drink
                  | potions when taking damage. [Xom's mischief]
 18185 | Lair:3   | Gained mutation: You occasionally lose the ability to read
                  | scrolls when taking damage. [Xom's mischief]
 18469 | Lair:3   | XOM: noise
 18563 | Lair:3   | XOM: give mutations
 18563 | Lair:3   | Gained mutation: Your spells are a little easier to cast,
                  | but a little less powerful. [Xom's mischief]
 18563 | Lair:3   | Gained mutation: You are frail. (-10% HP) [Xom's mischief]
 18563 | Lair:3   | Was forgiven by Xom
 18722 | Lair:4   | Reached skill level 15 in Axes
 18952 | Lair:4   | You fall into a shaft and drop 1 floor!
 18952 | Lair:5   | Entered Level 5 of the Lair of Beasts
 18960 | Lair:5   | Reached XP level 14. HP: 98/106 MP: 4/20
 19008 | Lair:5   | Noticed Sonja
 19011 | Lair:5   | Sonja changed into Sonja the naga
 19011 | Lair:5   | Noticed Sonja
 19019 | Lair:5   | Killed Sonja the naga
 19110 | Lair:5   | Received a gift from Okawaru
 19295 | Lair:5   | Received a gift from Okawaru
 19333 | Lair:5   | Reached skill level 10 in Fighting
 19519 | Lair:5   | Found a corrupted altar of Lugonu.
 19519 | Lair:5   | Found a one-way gate to the infinite horrors of the Abyss.
 19701 | Lair:5   | Found a staircase to the Slime Pits.
 19792 | Lair:5   | Identified the +5 sling of Entrepreneurial Spirit {speed,
                  | rF- Int+3 Dex+7 SInv}
 20081 | Lair:5   | Received a gift from Okawaru
 20083 | Lair:5   | Reached skill level 13 in Shields
 20299 | Lair:4   | Identified the +1 ring mail of the Unseen Realm {rPois
                  | Regen+ MP-9}
 21070 | D:9      | Reached skill level 14 in Shields
 21070 | D:9      | Reached XP level 15. HP: 108/116 MP: 19/21
 21075 | D:9      | Killed pewpewpew's ghost
 21213 | D:13     | Found a gate leading to a gauntlet.
 21236 | Gauntlet | Entered a Gauntlet
 21236 | Gauntlet | Found a transporter.
 21236 | Gauntlet | Found a transporter.
 21241 | Gauntlet | Found a transporter.
 21242 | Gauntlet | Found a transporter.
 21244 | Gauntlet | Found a transporter.
 21284 | Gauntlet | Found a transporter.
 21287 | Gauntlet | Found a transporter.
 21287 | Gauntlet | Found a transporter.
 21303 | Gauntlet | Found a transporter.
 21318 | Gauntlet | Found a transporter.
 21330 | Gauntlet | Found a transporter.
 21334 | Gauntlet | Found a transporter.
 21373 | Gauntlet | Found a transporter.
 21374 | Gauntlet | Found a runed translucent door.
 21391 | Gauntlet | Found a transporter.
 21504 | Gauntlet | Reached skill level 15 in Shields
 21515 | Gauntlet | Identified the +0 cloak of the Lotus Blossom {Dex+4}
 21546 | Gauntlet | Identified the staff "Giwuo" {rF+ Stlth+ Fire}
 21557 | Gauntlet | Got Sif Muna's Parchment of Impure Pyromancy
 21624 | D:13     | Found a radiant altar of Vehumet.
 21681 | D:13     | Received a gift from Okawaru
 21993 | D:13     | Reached skill level 16 in Shields
 22015 | D:13     | Found a gate to the Vaults.
 22187 | D:14     | Received a gift from Okawaru
 22868 | D:15     | Entered Level 15 of the Dungeon
 22890 | D:15     | Reached skill level 17 in Shields
 22985 | D:15     | Identified the +2 short sword of Excruciating Pain {flame,
                  | ^Drain rElec rC++}
 23019 | D:15     | Found a staircase to the Depths.
 23473 | D:15     | Found Fuinebi's Weapon Boutique.
 23806 | Orc:1    | Entered Level 1 of the Orcish Mines
 23823 | Orc:1    | Reached skill level 18 in Shields
 23877 | Orc:1    | Noticed Harold
 23884 | Orc:1    | Killed Harold
 23884 | Orc:1    | Received a gift from Okawaru
 23885 | Orc:1    | Reached XP level 16. HP: 117/123 MP: 22/22
 24266 | Orc:2    | Entered Level 2 of the Orcish Mines
 24380 | Orc:2    | Found Ucwuz's Distillery.
 24388 | Orc:2    | Bought a potion of experience for 650 gold pieces
 24388 | Orc:2    | Bought a potion of heal wounds for 65 gold pieces
 24390 | Orc:2    | Reached skill level 19 in Shields
 24390 | Orc:2    | Reached XP level 17. HP: 129/129 MP: 23/23
 24415 | Orc:2    | Found a staircase to the Elven Halls.
 24551 | Orc:2    | Found Woxzodis's Antique Weapon Boutique.
 24570 | Orc:2    | Found Mifed's Distillery.
 24723 | Orc:2    | Found an ancient bone altar of Kikubaaqudgha.
 24723 | Orc:2    | Noticed Nergalle
 24733 | Orc:2    | Killed Nergalle
 24755 | Orc:2    | Found a radiant altar of Vehumet.
 24817 | Orc:2    | Found a roughly hewn altar of Beogh.
 24817 | Orc:2    | Found Ducvuaqoph's Jewellery Shop.
 24830 | Orc:2    | Found Afeleeq's Magic Scroll Shop.
 25094 | Orc:2    | Bought a scroll of teleportation for 48 gold pieces
 25094 | Orc:2    | Bought a scroll of silence for 152 gold pieces
 25094 | Orc:2    | Bought a scroll of fog for 64 gold pieces
 25163 | Orc:2    | Bought a potion of haste for 130 gold pieces
 25163 | Orc:2    | Bought 2 potions of curing for 78 gold pieces
 25163 | Orc:2    | Bought 2 potions of haste for 260 gold pieces
 25207 | Orc:2    | Bought 2 potions of cancellation for 224 gold pieces
 25207 | Orc:2    | Bought a potion of haste for 140 gold pieces
 25207 | Orc:2    | Bought a potion of curing for 42 gold pieces
 25207 | Orc:2    | Bought a potion of might for 56 gold pieces
 25207 | Orc:2    | Bought a potion of ambrosia for 112 gold pieces
 25207 | Orc:2    | Bought a potion of cancellation for 112 gold pieces
 25461 | Snake:1  | Entered Level 1 of the Snake Pit
 25632 | Snake:1  | Identified the ring "Suagiom" {rElec rCorr AC+4 SInv
                  | Stlth-}
 25655 | Snake:1  | Found a runed translucent gate.
 25656 | Snake:1  | Found a runed translucent gate.
 25677 | Snake:1  | Found a runed translucent gate.
 25677 | Snake:1  | Noticed Xerufi's ghost (journeyman FeSh)
 25804 | Snake:1  | Reached skill level 20 in Shields
 26335 | Snake:1  | Killed Xerufi's ghost
 26341 | Snake:1  | Received a gift from Okawaru
 26819 | Snake:2  | Reached skill level 21 in Shields
 27068 | Snake:2  | Identified the +4 whip "Vien" {holy, Dex+3}
 27281 | Snake:2  | Received a gift from Okawaru
 28420 | Snake:3  | Reached skill level 22 in Shields
 28554 | Snake:3  | Received a gift from Okawaru
 29041 | Snake:4  | Entered Level 4 of the Snake Pit
 29081 | Snake:4  | Found a glacial archway.
 29091 | IceCv    | Entered an ice cave
 29235 | IceCv    | Reached XP level 18. HP: 115/135 MP: 24/24
 29296 | IceCv    | Noticed a lich
 29302 | IceCv    | Killed a lich
 29323 | IceCv    | Got the Tome of Grisly Hail
 29379 | IceCv    | Found an ancient bone altar of Kikubaaqudgha.
 29612 | Snake:4  | Found Tuhukhe's Armour Emporium.
 29614 | Snake:4  | Found Mumnyxah's Weapon Emporium.
 29614 | Snake:4  | Found Vyeloo's Book Shoppe.
 29616 | Snake:4  | Found Xeff's Armour Shoppe.
 29619 | Snake:4  | Received a gift from Okawaru
 29747 | Snake:4  | Found Puxel's Armour Shop.
 31061 | Snake:4  | Received a gift from Okawaru
 31383 | Snake:4  | Reached skill level 15 in Armour
 31657 | Snake:4  | Received a gift from Okawaru
 31909 | Snake:4  | Got a serpentine rune of Zot
 32098 | Shoals:1 | Entered Level 1 of the Shoals
 32140 | Shoals:1 | Found Jiteif's Antique Armour Emporium.
 32252 | Shoals:1 | Found Cofari's Antique Armour Emporium.
 32270 | Shoals:1 | Found Voefalut's Weapon Shoppe.
 32295 | Shoals:1 | Found Aso Achi's General Store.
 32328 | Shoals:1 | Bought a scroll of blinking for 105 gold pieces
 32436 | Shoals:1 | Bought a shiny helmet for 262 gold pieces
 32498 | Shoals:1 | Reached skill level 23 in Shields
 32611 | Shoals:1 | Noticed Mlioglotl
 32621 | Shoals:1 | Killed Mlioglotl
 32621 | Shoals:1 | Received a gift from Okawaru
 32677 | Shoals:1 | Reached XP level 19. HP: 141/141 MP: 25/25
 32965 | Shoals:2 | Noticed Louise
 32994 | Shoals:2 | Killed Louise
 33393 | Shoals:2 | Identified the +11 hand axe "Veyseid" {pain, *Noise rC++
                  | rCorr Dex+3}
 33818 | Shoals:3 | Noticed Ilsuiw
 33831 | Arena    | Entered the Arena
 33836 | Arena    | Killed Ilsuiw
 34470 | Shoals:3 | Found Tirpho's General Store.
 34713 | Shoals:3 | Noticed Polyphemus
 34778 | Shoals:3 | Killed Polyphemus
 34880 | Shoals:4 | Entered Level 4 of the Shoals
 35167 | Shoals:4 | Paralysed by an air elemental for 1 turns
 35300 | Shoals:4 | Paralysed by an air elemental for 1 turns
 35302 | Shoals:4 | Paralysed by an air elemental for 1 turns
 35423 | Shoals:4 | Paralysed by an air elemental for 1 turns
 35457 | Shoals:4 | Paralysed by an air elemental for 1 turns
 35549 | Shoals:4 | Identified the +5 short sword "Ufeinepp" {freeze, Dex+3}
 35664 | Shoals:4 | Got a barnacled rune of Zot
 36149 | Shoals:4 | Reached skill level 10 in Invocations
 36515 | Vaults:1 | Entered Level 1 of the Vaults
 36561 | Vaults:1 | Reached XP level 20. HP: 137/156 MP: 25/28
 36597 | Vaults:1 | Noticed Donald
 36610 | Vaults:1 | Killed Donald
 36726 | Vaults:1 | Reached skill level 24 in Shields
 36732 | Vaults:1 | Received a gift from Okawaru
 36976 | Vaults:1 | Reached skill level 25 in Shields
 37114 | Vaults:1 | Received a gift from Okawaru
 37203 | Vaults:1 | Identified the +0 ring mail of Birdsong {rElec Regen+}
 37423 | Vaults:1 | Reached skill level 26 in Shields
 37498 | Vaults:1 | Got the Discursus on Peregrination
 37689 | Vaults:1 | Paralysed by a formless jellyfish for 1 turns
 38102 | Vaults:2 | Reached skill level 27 in Shields
 38164 | Vaults:2 | Received a gift from Okawaru
 38464 | Vaults:2 | Reached skill level 15 in Fighting
 38966 | Vaults:2 | Paralysed by a formless jellyfish for 1 turns
 39031 | Vaults:2 | Received a gift from Okawaru
 39211 | Vaults:2 | Reached XP level 21. HP: 169/169 MP: 30/30
 39248 | Vaults:2 | Paralysed by a formless jellyfish for 1 turns
 39322 | Vaults:2 | Identified the +8 sling of Pialoe {heavy, Str+4}
 39569 | Vaults:2 | Found a staircase to the Crypt.
 39569 | Vaults:2 | Found an ancient bone altar of Kikubaaqudgha.
 39569 | Vaults:2 | Found a basalt altar of Yredelemnul.
 40058 | Vaults:3 | Received a gift from Okawaru
 40723 | Vaults:3 | Identified the staff of Xoeshrot {Dex+4 Earth}
 40781 | Vaults:3 | Paralysed by a formless jellyfish for 1 turns
 41246 | Vaults:4 | Received a gift from Okawaru
 41406 | Vaults:4 | Noticed Saint Roka
 41550 | Vaults:4 | Killed Saint Roka
 41879 | Vaults:4 | Received a gift from Okawaru
 41880 | Vaults:4 | Reached XP level 22. HP: 174/179 MP: 31/31
 43440 | Vaults:5 | Entered Level 5 of the Vaults
 43469 | Vaults:5 | Noticed a dread lich
 43479 | Vaults:5 | Killed a dread lich
 43581 | Vaults:5 | Received a gift from Okawaru
 43640 | Vaults:5 | Got a silver rune of Zot
 43655 | Vaults:5 | Noticed a golden dragon
 43661 | Vaults:5 | Killed a golden dragon
 43677 | Vaults:5 | Noticed a golden dragon
 43679 | Vaults:5 | Identified the +9 short sword "Qifaxkash" {protect, *Rage
                  | rF++ rN+ Int-3}
 43695 | Vaults:5 | Killed a golden dragon
 43713 | Vaults:5 | Received a gift from Okawaru
 43717 | Vaults:5 | Identified the +4 long sword of Incongruity {spect, rPois
                  | Int+5 Dex-5}
 43809 | Vaults:5 | Identified the +9 halberd "Tumeuj" {elec, rElec rF+ Will+}
 44079 | Vaults:5 | Identified the +5 spear of an ossuary {drain, Int+2}
 44182 | Vaults:5 | Reached XP level 23. HP: 122/191 MP: 32/32
 44476 | Vaults:5 | Identified the +6 quarterstaff of the Leaping Blowfly
                  | {venom, rF++ rC++ Dex-4}
 44990 | Depths:1 | Entered Level 1 of the Depths
 45028 | Depths:1 | Found a gateway to Hell.
 45189 | Depths:1 | Received a gift from Okawaru
 45259 | Depths:1 | Reached skill level 1 in Dodging
 45285 | Depths:1 | Found a hazy altar of Hepliaklqana.
 45621 | Depths:1 | Found Pirum's Weapon Shoppe.
 45770 | Arena    | Entered the Arena
 45811 | Depths:2 | Reached skill level 5 in Dodging
 46078 | Arena    | Entered the Arena
 46175 | Depths:2 | Received a gift from Okawaru
 46303 | Depths:2 | Found a one-way gate leading to the halls of Pandemonium.
 46320 | Depths:2 | Identified the amulet of Ramigiyck {rElec rC+ Regen+}
 46342 | Depths:2 | Reached XP level 24. HP: 201/201 MP: 32/32
 46343 | Depths:2 | Reached XP level 25. HP: 207/207 MP: 32/32
 46419 | Depths:2 | Reached skill level 10 in Dodging
 46536 | Arena    | Entered the Arena
 46936 | Depths:2 | Got the Almanac of the Unified Sphinx
 47060 | Depths:2 | Noticed a dread lich
 47067 | Depths:2 | Killed a dread lich
 47255 | Depths:2 | Reached XP level 26. HP: 215/215 MP: 23/32
 47514 | Abyss:2  | Cast into level 2 of the Abyss (hell knight)
 47870 | Abyss:4  | Paralysed by accursed screaming for 1 turns
 47923 | Abyss:4  | Reached XP level 27. HP: 135/221 MP: 22/22
 47947 | Abyss:4  | Got an abyssal rune of Zot
 47964 | Depths:3 | Escaped the Abyss
 48367 | Depths:3 | Found a one-way gateway to a ziggurat.
 48700 | Depths:3 | Identified the +0 robe of the Marlin {^Drain Dex+2 Slay+5}
 48756 | Depths:3 | Identified the +1 cloak of the Accordion {Slay+2}
 49196 | Depths:4 | Entered Level 4 of the Depths
 49713 | Depths:4 | Received a gift from Okawaru
 49925 | Depths:4 | Found a gate to the Realm of Zot.
 50807 | Depths:4 | Noticed a juggernaut
 50815 | Depths:4 | Killed a juggernaut
 51345 | Slime:1  | Entered Level 1 of the Pits of Slime
 51387 | Slime:3  | Gained mutation: You are dopey. (Int -2) [a shining eye]
 51396 | Slime:3  | Lost mutation: Your spells are a little easier to cast, but
                  | a little less powerful. [potion of mutation]
 51396 | Slime:3  | Lost mutation: You occasionally lose the ability to read
                  | scrolls when taking damage. [potion of mutation]
 51396 | Slime:3  | Lost mutation: You are dopey. (Int -2) [potion of mutation]
 51396 | Slime:3  | Gained mutation: You have very sharp teeth. [potion of
                  | mutation]
 51396 | Slime:3  | Gained mutation: You expend magic power (3 MP) to
                  | strengthen your wands. [potion of mutation]
 51423 | Slime:3  | Gained mutation: Your spells are a little easier to cast,
                  | but a little less powerful. [a shining eye]
 51449 | Slime:4  | Received a gift from Okawaru
 51466 | Slime:5  | Entered Level 5 of the Pits of Slime
 51488 | Slime:5  | Found a viscous altar of Jiyva.
 51500 | Slime:5  | Noticed the Royal Jelly
 51529 | Slime:5  | Killed the Royal Jelly
 51587 | Slime:5  | Identified the +3 great sword of Destiny {flame, rElec rC+
                  | rCorr Int-4}
 51610 | Slime:5  | Identified the +1 leather armour of the Moon {Dex+3}
 51651 | Slime:5  | Identified the +2 hand axe of the Oily God {vamp, rElec rC+
                  | Str+3 Dex+2 SInv}
 51655 | Slime:5  | Identified the staff of Bexal {rPois Dex+7 Alchemy}
 51661 | Slime:5  | Identified the +3 eveningstar of Slime {flame, MP+9 Str-2
                  | Dex+5}
 51665 | Slime:5  | Got a slimy rune of Zot
 51667 | Slime:5  | Got a starry gem with 307 turns to spare
 51678 | Slime:5  | Identified a scroll of acquirement
 51686 | Slime:5  | Identified the ring "Muahalo" {rC+ MP-9 Int+4}
 51694 | Slime:5  | Acquired the +0 pair of gloves of Relativism {rF+ rC+ MP+9
                  | SInv}
 51701 | Slime:5  | Identified the +0 leather armour of Fortification {Int+2}
 51720 | Slime:5  | Identified the amulet "Duesch" {Faith Str+2}
 52235 | Zot:1    | Entered Level 1 of the Realm of Zot
 52361 | Zot:2    | Found a runed translucent gate.
 52361 | Zot:2    | Found a runed translucent gate.
 52361 | Zot:2    | Found a runed translucent gate.
 52362 | Zot:2    | Noticed Wukiw's ghost (legendary MiBe)
 52401 | Zot:2    | Noticed Vv
 52440 | Zot:2    | Killed Vv
 52536 | Zot:1    | Noticed an orb of fire
 52542 | Zot:1    | Gained mutation: Your magical capacity is low. (-10% MP)
                  | [an orb of fire]
 52544 | Zot:1    | Gained mutation: Your magical capacity is very low. (-20%
                  | MP) [an orb of fire]
 52551 | Zot:1    | Killed an orb of fire
 52667 | Zot:4    | Noticed an orb of fire
 52672 | Zot:4    | Gained mutation: You have hidden genetic defects. [an orb
                  | of fire]
 52674 | Zot:4    | Killed an orb of fire
 52675 | Zot:4    | Lost mutation: Your magical capacity is very low. (-20% MP)
                  | [potion of mutation]
 52675 | Zot:4    | Lost mutation: You expend magic power (3 MP) to strengthen
                  | your wands. [potion of mutation]
 52675 | Zot:4    | Lost mutation: You have hidden genetic defects. [potion of
                  | mutation]
 52675 | Zot:4    | Gained mutation: Your muscles are strong. (Str +4, Int/Dex
                  | -1) [potion of mutation]
 52675 | Zot:4    | Gained mutation: You have supernaturally acute eyesight.
                  | (SInv) [potion of mutation]
 52675 | Zot:4    | Gained mutation: You are agile. (Dex +4, Str/Int -1)
                  | [potion of mutation]
 52675 | Zot:4    | Gained mutation: You are partially covered in iridescent
                  | scales. (AC +2) [potion of mutation]
 52692 | Zot:5    | Entered Level 5 of the Realm of Zot
 52725 | Zot:5    | Found Ykuim's CLEARANCE SALE!.
 52729 | Zot:5    | Bought a scroll of silence for 47 gold pieces
 52766 | Zot:5    | Reached skill level 15 in Dodging
 52845 | Zot:5    | Noticed an orb of fire
 52855 | Zot:5    | Lost mutation: You are agile. (Dex +4, Str/Int -1) [an orb
                  | of fire]
 52857 | Zot:5    | Killed an orb of fire
 52861 | Zot:5    | Noticed an orb of fire
 52861 | Zot:5    | Noticed a dread lich
 52862 | Zot:5    | Noticed an orb of fire
 52869 | Zot:5    | Killed an orb of fire
 52878 | Zot:5    | Killed an orb of fire
 52878 | Zot:5    | Noticed an orb of fire
 52888 | Zot:5    | Killed an orb of fire
 52894 | Zot:5    | Killed a dread lich
 52894 | Zot:5    | Noticed an orb of fire
 52895 | Zot:5    | Gained mutation: Your spells are easier to cast, but less
                  | powerful. [an orb of fire]
 52899 | Zot:5    | Killed an orb of fire
 52905 | Zot:5    | Noticed a dread lich
 52912 | Zot:5    | Killed a dread lich
 52912 | Zot:5    | Noticed a dread lich
 52913 | Zot:5    | Killed a dread lich
 52913 | Zot:5    | Received a gift from Okawaru
 52919 | Zot:5    | Noticed an orb of fire
 52929 | Zot:5    | Gained mutation: You do not regenerate when monsters are
                  | visible. [an orb of fire]
 52930 | Zot:5    | Killed an orb of fire
 52939 | Zot:5    | Lost mutation: You have very sharp teeth. [potion of
                  | mutation]
 52939 | Zot:5    | Lost mutation: You are frail. (-10% HP) [potion of
                  | mutation]
 52939 | Zot:5    | Lost mutation: You do not regenerate when monsters are
                  | visible. [potion of mutation]
 52939 | Zot:5    | Lost mutation: Your spells are easier to cast, but less
                  | powerful. [potion of mutation]
 52939 | Zot:5    | Gained mutation: Your mind is acute. (Int +4, Str/Dex -1)
                  | [potion of mutation]
 53030 | Zot:5    | Got a prismatic gem with 350 turns to spare
 53143 | Zot:5    | Noticed an orb of fire
 53154 | Zot:5    | Killed an orb of fire
 53177 | Zot:5    | Received a gift from Okawaru
 53188 | Zot:5    | Got the Orb of Zot
 53440 | Zot:1    | Noticed Unaegrusyi the pandemonium lord
 53849 | D:$      | Escaped with the Orb!

Illustrated notes

Levels and vault maps discovered:
D:1:      giann_bridges, layout_loops_ring
D:2:      layout_basic, amcnicky_mini_rare_corridor_liquid,
          kennysheep_generic_room_2
D:3:      layout_basic, serial_shops, shop, minmay_misc_feat_doors
D:4:      layout_loops_ring, kennysheep_orc_sif_temple, gup_sewer_entry_bubbles
D:5:      layout_basic, minmay_temple_entry_statues_pillars, minmay_puff
D:6:      layout_basic, uniq_edmund
D:7:      layout_loops_ring
D:8:      layout_cave_pools, nicolae_uskayaw_suspiria, jmf_multi_god_temple2,
          dpeg_oklobed_lair
D:9:      lemuel_castle_with_subvaults [lemuel_castle_interior_original],
          layout_irregular_city, nicolae_qazlal_scattered_showers,
          ashenzari_conservatory_becter, gammafunk_ghost_smash, uniq_jeremiah,
          uniq_maggie
D:10:     layout_cave_pods, serial_undead, serial_undead_c, serial_undead_a,
          serial_undead_c, serial_undead_b, enter_bailey_2,
          minmay_misc_feat_tiny
D:11:     layout_irregular_city, serial_shops, nicolae_lakefront_shop, shop,
          nicolae_shop_back_alley_shop, uniq_lodul
D:12:     layout_small_grid, erik_orc_4, uniq_erolcha
D:13:     layout_cave_pools, david_vaults_5, gauntlet_entry_generic,
          fiery_altar_vehumet
D:14:     layout_basic, serial_ice, serial_ice_d, serial_ice_k, serial_ice_a,
          serial_ice_m, minmay_crystal_room, chequers_serial_rivers_small_a
D:15:     hangedman_depths_entry_try_elsewhere_first, layout_irregular_city,
          serial_shops, nicolae_shop_scrapyard, minmay_misc_feat_room,
          skrybe_limestone_x
Temple:   kb_temple_of_zot
Lair:1:   layout_cave_pods
Lair:2:   layout_small_grid, nzn_masters_of_martial_movement,
          serial_bayou_shore_b
Lair:3:   layout_roguey, elwin_shoals_entry_rocks,
          minmay_snake_entry_spellcaster
Lair:4:   layout_roguey
Lair:5:   hellmonk_lair_end_abyssal_woods, layout_cave_pods,
          dpeg_slime_entry_corner, serial_bayou_pond_d, lemuel_fruit_fields,
          infiniplex_staircase_pool, uniq_sonja
Shoals:1: cheibrodos_shoals_roost, layout_shoals, serial_shops, shop, shop,
          shop, nicolae_shop_overgrown_old_shop, uniq_mlioglotl
Shoals:2: layout_shoals, st_shoals_ruin, uniq_louise
Shoals:3: layout_shoals, serial_shops, shop, nicolae_shoals_cliffside_cave,
          nicolae_shoals_lost_giant_temple, argonaut_gorgonesque,
          uniq_polyphemus, uniq_ilsuiw
Shoals:4: shoals_end_hellmonk_storm_palace [storm_palace_center_square,
          storm_palace_corner_blocked, storm_palace_corner_pillars,
          storm_palace_corner_reverse_hut, storm_palace_corner_grid],
          serial_shops
Snake:1:  layout_onion_interference, gammafunk_ghost_necromancy
Snake:2:  layout_grid_maze, grunt_ministairs_15
Snake:3:  layout_layer_cave
Snake:4:  grunt_snake_rune_pools, layout_layer_cave,
          portal_ice_cave_entry_pillars_2, serial_shops, nicolae_shop_crystal,
          grunt_megastairs_1, minmay_shoptagon
Slime:1:  layout_caves
Slime:2:  layout_caves, cheibrodos_slime_lost_civilization_7
Slime:3:  layout_caves, nicolae_slime_round_cave
Slime:4:  layout_caves
Slime:5:  slime_pit_nicolae_amoeboid
Orc:1:    layout_caves, uniq_harold
Orc:2:    kennysheep_orc_mage_school, layout_diamond_mine, serial_shops,
          shop_fountains
Vaults:1: grunt_vaults_hallway_long, v_misc_27,
          nicolae_vaults_mini_display_case, v_misc_13,
          nicolae_vaults_closet_pinwheel_6, vaults_mumra_chevron_long,
          hangedman_vaults_river_flow, vaults_room_grid,
          nicolae_vaults_more_shelving_1, hangedman_vaults_nails,
          nicolae_vaults_trapezoid_1, vaults_room_grid,
          ontoclasm_vaults_decontamination, layout_vaults_omnicross, uniq_donald
Vaults:2: nicolae_vaults_tetromino_T_2, v_misc_3,
          nicolae_vaults_doubleplus_tesselated, minmay_crypt_entry_necro_gods,
          v_rooms_2, nicolae_vaults_surprise_closet, nicolae_vaults_triangles,
          nicolae_vaults_what_the_h, nicolae_vaults_security_offices_1,
          layout_vaults_omnigrid
Vaults:3: nicolae_vaults_heist, v_misc_23, ontoclasm_vaults_eye,
          vaults_mumra_hex, nicolae_vaults_surprise_closet, v_rooms_1,
          hangedman_vaults_trim, nicolae_vaults_hallways_thing,
          ontoclasm_vaults_ring_small, st_smaller_cells, nicolae_vaults_house_3,
          layout_vaults_ring
Vaults:4: nicolae_vaults_offset_grid_hallway_4, nicolae_vaults_frosty_reception,
          nicolae_vaults_wrenched, v_pattern_4,
          nicolae_vaults_network_quinsquares
          [nicolae_vaults_network_quincunx_subvault,
          nicolae_vaults_network_quincunx_subvault,
          nicolae_vaults_network_quincunx_subvault,
          nicolae_vaults_network_quincunx_subvault], ontoclasm_vaults_spin,
          nooodl_orcs_dogs, nicolae_vaults_closet_pinwheel_3,
          nicolae_vaults_hexular_roomagon, layout_vaults_maze_snakey,
          uniq_saint_roka
Vaults:5
Depths:1: layout_roguey, hell_entry, kennysheep_diamond, drop_trap, st_stairs_9,
          nzn_hepliaklqana_mist_gate
Depths:2: lemuel_river_lethe, pan_entry, hell_entry
Depths:3: regret_index_reflect_refract, layout_basic, enter_ziggurat_b,
          minmay_misc_feat_encased, nicolae_abyss_entry_one_way_or_another,
          pf_coc_iceberg, infiniplex_staircase_spiral_double,
          serial_bayou_shore_b
Depths:4: grunt_zot_entry_pinwheel, layout_gridlike, nicolae_hexahallways,
          hangedman_geh_valley, hangedman_abyss_entry_splay,
          amcnicky_mini_corridor_feature
Zot:1:    layout_onion, regret_index_zot_stipple_split, st_single_dragon_hoard_4
Zot:2:    grunt_twist_and_shout, layout_onion, gammafunk_ghost_tricky_traps,
          nrook_zot_tub, uniq_vv, uniq_josephina
Zot:3:    layout_gridlike, st_stairs_9, uniq_tiamat
Zot:4:    layout_gridlike, nicolae_diode_quadrants
Zot:5:    layout_twisted_circle, nicolae_shop_clearance

Skill      XL: |  1  2  3  4  5  6  7  8  9 10 11 12 13 14 15 16 17 18 19 20 21 22 23 24 25 26 27 |
---------------+----------------------------------------------------------------------------------+-----
Unarmed Combat | 4 5 6 7 8 9 |  9.6
Throwing       | 1 3 6 |  6.0
Evocations     | 3 5 |  5.0
Stealth        | 1 |  1.5
Fighting       | 4 5 6 9 11 14 16 17 19 20 22 | 22.0
Axes           | 5 11 14 15 18 21 22 | 22.0
Invocations    | 2 8 10 12 13 | 13.0
Shields        | 7 12 14 18 19 22 23 27 | 27.0
Armour         | 6 10 11 15 16 19 20 22 | 22.0
Dodging        | 8 9 12 18 | 18.9

Action                     |  1- 3 |  4- 6 |  7- 9 | 10-12 | 13-15 | 16-18 | 19-21 | 22-24 | 25-27 || total
---------------------------+-------+-------+-------+-------+-------+-------+-------+-------+-------++-------
  Melee: Unarmed           |   120 |   232 |   233 |       |       |       |       |       |       ||   585
         Punch             |     4 |    10 |    17 |    17 |       |       |       |       |       ||    48
         War axe           |       |       |   184 |   343 |       |       |       |       |       ||   527
         Flail             |       |       |    10 |       |       |       |       |       |       ||    10
         Hand axe          |       |       |       |   302 |   496 |       |       |       |       ||   798
         Broad axe         |       |       |       |       |   312 |   666 |  1138 |   542 |  1144 ||  3802
         Bite              |       |       |       |       |       |       |       |       |    70 ||    70
  Throw: Dart              |       |       |    29 |    72 |     8 |       |     2 |       |     1 ||   112
         Boomerang         |       |       |     7 |     7 |    39 |     3 |     8 |     6 |    33 ||   103
         Javelin           |       |       |       |       |       |       |       |       |    11 ||    11
 Invoke: Heroism           |       |       |       |    13 |    12 |    10 |    20 |     9 |    27 ||    91
         Receive Weapon    |       |       |       |       |     1 |       |       |       |       ||     1
         Receive Armour    |       |       |       |       |     1 |       |       |       |       ||     1
         Finesse           |       |       |       |       |       |       |     2 |     3 |    15 ||    20
         Duel              |       |       |       |       |       |       |     1 |     2 |     1 ||     4
  Evoke: Wand              |       |     2 |     2 |     7 |     7 |       |     3 |       |     5 ||    26
         Phial of floods   |       |       |       |       |       |       |     1 |       |       ||     1
    Use: Scroll            |     1 |     4 |     7 |    12 |    12 |     6 |     8 |     3 |    18 ||    71
         Potion            |       |       |     2 |     2 |       |    11 |     1 |     7 |    36 ||    59
   Stab: Confused          |       |       |     1 |       |       |       |       |       |       ||     1
         Invisible         |       |       |       |     2 |     1 |       |       |       |       ||     3
         Paralysed         |       |       |       |     4 |     2 |       |     2 |       |       ||     8
         Fleeing           |       |       |       |     2 |       |       |       |       |       ||     2
         Petrified         |       |       |       |       |    12 |       |       |       |       ||    12
         Petrifying        |       |       |       |       |     2 |       |       |       |       ||     2
         Distracted        |       |       |       |       |       |       |       |       |     1 ||     1
 Armour: Leather armour    |    64 |    31 |       |       |       |       |       |       |       ||    95
         Chain mail        |       |   152 |   108 |   122 |   167 |       |       |       |       ||   549
         Plate armour      |       |       |   334 |   498 |       |       |       |       |       ||   832
         Crystal plate arm |       |       |       |       |   672 |   715 |   986 |   333 |   808 ||  3514
  Dodge: Dodged            |    72 |   102 |   126 |   157 |   142 |   126 |   174 |    64 |   304 ||  1267
  Block: Kite shield       |       |       |       |   194 |   642 |   614 |       |       |       ||  1450
         Tower shield      |       |       |       |       |       |   239 |  1667 |   610 |  1447 ||  3963

Table legend: (Time is in decaauts)
 A = Elapsed time spent in this place.
 B = Non-inter-level travel time spent in this place.
 C = Inter-level travel time spent in this place.
 D = Time resting spent in this place.
 E = Time spent auto-exploring this place.
 F = Levels seen in this place.
 G = Mean time per level.
                   A        B        C        D        E       F      G
               +--------+--------+--------+--------+--------+-----+--------+
         Total |  53969 |  49795 |   4174 |   2053 |  32684 |  61 |  884.7 |
       Dungeon |  18303 |  16378 |   1925 |    526 |  11342 |  15 | 1220.2 |
        Temple |      5 |      5 |      0 |      0 |      0 |   1 |    5.0 |
          Lair |   5758 |   5062 |    696 |    105 |   3563 |   5 | 1151.6 |
        Shoals |   4577 |   4295 |    282 |    444 |   2377 |   4 | 1144.2 |
     Snake Pit |   6213 |   5988 |    225 |    520 |   4238 |   4 | 1553.2 |
    Slime Pits |    432 |    432 |      0 |      0 |      0 |   5 |   86.4 |
  Orcish Mines |   1493 |   1127 |    366 |      0 |    802 |   2 |  746.5 |
        Vaults |   8400 |   8102 |    298 |    205 |   5848 |   5 | 1680.0 |
        Depths |   5807 |   5428 |    379 |    250 |   3826 |   4 | 1451.8 |
           Zot |    986 |    986 |      0 |      0 |      3 |   5 |  197.2 |
         Abyss |    428 |    428 |      0 |      0 |    204 |   3 |  142.7 |
         Sewer |    349 |    349 |      0 |      0 |    131 |   1 |  349.0 |
        Bailey |    306 |    306 |      0 |      0 |     67 |   1 |  306.0 |
      Ice Cave |    477 |    477 |      0 |      0 |    265 |   1 |  477.0 |
      Gauntlet |    348 |    348 |      0 |      3 |     15 |   1 |  348.0 |
         Arena |     83 |     83 |      0 |      0 |      0 |   4 |   20.8 |
               +--------+--------+--------+--------+--------+-----+--------+

Top non-repeatable levels by time:
     D:9: 2852 daAuts
 Snake:4: 2385 daAuts
Vaults:4: 2268 daAuts
     D:4: 2044 daAuts
Depths:4: 1892 daAuts
Depths:2: 1849 daAuts
Vaults:1: 1663 daAuts
Vaults:3: 1652 daAuts
     D:5: 1610 daAuts
Vaults:2: 1543 daAuts
 Snake:3: 1509 daAuts
  Lair:5: 1418 daAuts
Shoals:4: 1394 daAuts
     D:7: 1387 daAuts
  Lair:2: 1346 daAuts
